 Dungeon Crawl Stone Soup version 0.32-a0-22-g6ae6769602 (webtiles) character file.

Game seed: 2553934959401205300

985 Malachi the Ruffian (level 7, 0/71 HPs)
             Began as a Troll Shapeshifter on Jan 18, 2024.
             Slain by a sleepcap (8 damage)
             ... on level 5 of the Dungeon.
             The game lasted 00:03:14 (3001 turns).

Malachi the Ruffian (Troll Shapeshifter)            Turns: 3001, Time: 00:03:14

Health: 0/71       AC:  4    Str: 25    XL:     7   Next: 97%
Magic:  6/6        EV:  1    Int:  6    God:
Gold:   246        SH:  0    Dex:  9    Spells: 6/6 levels left

rFire   . .          .
                       - Unarmed
rCold   + . .        (no shield)
rNeg    . . .        a - +0 animal skin
rPois   .            (helmet currently unavailable)
rElec   .            (cloak currently unavailable)
rCorr   .            (gloves unavailable)
SInv    .            (boots unavailable)
Will    .....        (no amulet)
Stlth   +            j - ring of protection from cold
HPRegen 1.11/turn    (no ring)
MPRegen 0.10/turn

%: no passive effects
@: beast-form, sleeping
A: beast (slay +3), large, unfitting armour, claws 3, regeneration 1, shaggy fur
1, tough skin 1
a: Begin Untransformation


You were on level 5 of the Dungeon.
You were a hulking beast.
You visited 1 branch of the dungeon, and saw 5 of its levels.

You collected 246 gold pieces.

Inventory:

Missiles
 q - 5 boomerangs
 r - 6 silver javelins (quivered)
Armour
 a - a +0 animal skin (worn)
Jewellery
 j - a ring of protection from cold (left claw)
Talismans
 c - a beast talisman
 d - a flux talisman
Scrolls
 f - a scroll of revelation {unknown}
 h - a scroll of fog
 i - a scroll of vulnerability
 l - a scroll of teleportation
 o - a scroll of poison
Potions
 b - 2 potions of brilliance
 k - a potion of curing
 m - a potion of haste {unknown}
 n - a potion of lignification
 p - a potion of resistance
 s - 2 potions of attraction {unknown}


   Skills:
 + Level 4.4 Fighting
 - Level 1.5 Dodging
 + Level 6.0 Unarmed Combat
 + Level 5.6 Shapeshifting


You had 6 spell levels left.
You didn't know any spells.
Your spell library contained the following spells:

 Spells                   Type           Power      Damage    Failure   Level
 Apportation              Tloc           0%         N/A       45%         1
 Magic Dart               Conj           0%         1d3       45%         1
 Necrotise                Necr           0%         1d4       45%         1
 Sting                    Conj/Alch      0%         1d3       45%         1
 Summon Small Mammal      Summ           0%         N/A       45%         1
 Searing Ray              Conj           0%         2d4       58%         2
 Fulminant Prism          Conj/Alch      0%         3d5       99%         4


Dungeon Overview and Level Annotations

Branches:
Dungeon (5/15)
 Temple: D:4-7

Altars:
Ashenzari
Cheibriados
Dithmenos
Elyvilon
Hepliaklqana
Nemelex Xobeh
Ru
Wu Jian
Xom


Innate Abilities, Weirdness & Mutations

You are a hulking beast.
Your limbs bulge with bestial killing power. (Slay +3)
You are too large for most types of armour.
You have claws for hands.
Your natural rate of healing is unusually fast.
You are covered in fur. (AC +1)
You have tough skin. (AC +1)


Message History

The orc hits you but does no damage. Something hits you.
The sleepcap releases spores at you.
You are engulfed in a cloud of soporific spores!
You fall asleep.
The orc priest hits you with a +2 dagger of electrocution.
You wake up.
Something hits you. The orc closely misses you.
The sleepcap releases spores at you but does no damage.
You claw the orc priest!
You kill the orc priest!
The orc hits you with a +0 hand axe. The sleepcap releases spores at you!
Something hits you.
* * * LOW HITPOINT WARNING * * *
Your Unarmed Combat skill increases to level 6!
Unknown command.
You miss something. The sleepcap barely misses you.
The orc hits you with a +0 hand axe.
* * * LOW HITPOINT WARNING * * *
Something hits you.
* * * LOW HITPOINT WARNING * * *
You mangle something!!
Reactivating autopickup.
You feel a bit more experienced. The sleepcap closely misses you.
The orc misses you. The orc attacks as it pursues you!
The orc hits you with a +0 hand axe.
* * * LOW HITPOINT WARNING * * *
Items here: ))) [[ ††.
You scratch the orc.
The orc is lightly wounded.
The orc hits you with a +0 hand axe.
* * * LOW HITPOINT WARNING * * *
You claw the orc!
You kill the orc!
You mangle the sleepcap!!
The sleepcap is severely damaged.
The sleepcap releases spores at you.
* * * LOW HITPOINT WARNING * * *
You are engulfed in a cloud of soporific spores!
You fall asleep.
The sleepcap releases spores at you!
You die...

###.###.####.#####
....#........#
....?.......##
##...........#
#...........#
#...........#
...#$#.#####
######.#.#
......)fh#
...###.### #. ##


You could see a sleepcap.

Vanquished Creatures
  Sigmund (D:2)
  Menkaure (D:4)
  An orc warrior (D:4)
  A black bear (D:3)
  An ogre (D:4)
  A phantom (D:4)
  A jelly (D:4)
  2 orc priests
  4 orc wizards
  Robin (D:4)
  A gnoll (D:3)
  2 adders (D:3)
  3 dart slugs
  A ribbon worm (D:3)
  14 orcs
  8 endoplasms
  3 giant cockroaches
  17 goblins
  14 hobgoblins
  3 jackals
  5 kobolds
  A quokka (D:4)
  9 ball pythons
  6 bats
  2 frilled lizards
  9 rats
112 creatures vanquished.

Notes
Turn   | Place    | Note
-------+----------+-------------------------------------------
     0 | D:1      | Malachi the Troll Shapeshifter began the quest for the Orb.
     0 | D:1      | Reached XP level 1. HP: 18/18 MP: 0/0
    72 | D:1      | Reached skill level 1 in Fighting
    76 | D:1      | Reached XP level 2. HP: 25/27 MP: 1/1
   640 | D:2      | Reached XP level 3. HP: 33/33 MP: 2/2
   692 | D:2      | Noticed Sigmund
   702 | D:2      | Killed Sigmund
   703 | D:2      | Reached skill level 4 in Unarmed Combat
   703 | D:2      | Reached XP level 4. HP: 44/44 MP: 3/3
   703 | D:2      | Reached XP level 5. HP: 50/50 MP: 4/4
  1450 | D:3      | Found a white marble altar of Elyvilon.
  1451 | D:3      | Noticed a black bear
  1462 | D:3      | Killed a black bear
  1463 | D:3      | Reached XP level 6. HP: 59/59 MP: 5/5
  1649 | D:3      | Found a snail-covered altar of Cheibriados.
  1735 | D:3      | Found a broken altar of Ashenzari.
  1746 | D:3      | Found an ornate altar of the Wu Jian Council.
  1747 | D:3      | Found a sacrificial altar of Ru.
  1749 | D:3      | Found a shadowy altar of Dithmenos.
  1750 | D:3      | Found a sparkling altar of Nemelex Xobeh.
  1783 | D:3      | Found a hazy altar of Hepliaklqana.
  2165 | D:4      | Noticed Robin
  2341 | D:4      | Killed Robin
  2342 | D:4      | Reached skill level 5 in Unarmed Combat
  2363 | D:4      | Noticed Menkaure
  2370 | D:4      | Killed Menkaure
  2371 | D:4      | Reached XP level 7. HP: 48/67 MP: 6/6
  2431 | D:4      | Reached skill level 5 in Shapeshifting
  2484 | D:4      | Found a shimmering altar of Xom.
  2958 | D:5      | Entered Level 5 of the Dungeon
  2995 | D:5      | Reached skill level 6 in Unarmed Combat
  3001 | D:5      | Slain by a sleepcap

Illustrated notes

Levels and vault maps discovered:
D:1:      lemuel_arrival_room, layout_basic, st_stairs_10
D:2:      layout_loops_ring, corexii_hall_statues_x, grunt_ministairs_15,
          uniq_sigmund
D:3:      kennysheep_six_static_rooms, layout_rooms, marbit_many_paths,
          elyvilon_altar_5, mainiacjoe_overflow_catwalk, minitemple,
          minmay_distorted
D:4:      layout_gridville, mainiacjoe_overflow_small_starburst,
          nicolae_kite_square_tiling_tiny, guppyfry_early_orc_mine,
          uniq_menkaure, uniq_robin
D:5:      layout_basic, temple_doors_e, serial_shops,
          nicolae_shop_real_fake_doors, gammafunk_ghost_arena

Skill      XL: |  1  2  3  4  5  6  7 |
---------------+----------------------+-----
Fighting       | 1 2 3 4 |  4.4
Unarmed Combat | 4 5 6 |  6.0
Shapeshifting  | 4 5 |  5.6
Dodging        | |  1.5

Action                     |  1- 3 |  4- 6 |  7- 9 || total
---------------------------+-------+-------+-------++-------
  Melee: Unarmed           |    58 |   119 |    76 ||   253
         Punch             |     1 |       |     3 ||     4
    Use: Potion            |     2 |     3 |     1 ||     6
         Scroll            |       |     8 |     3 ||    11
   Stab: Sleeping          |     1 |       |       ||     1
 Armour: Animal skin       |    39 |   104 |    53 ||   196
         Skin              |     4 |     3 |       ||     7
  Dodge: Dodged            |    15 |    56 |    28 ||    99

Table legend: (Time is in decaauts)
 A = Elapsed time spent in this place.
 B = Non-inter-level travel time spent in this place.
 C = Inter-level travel time spent in this place.
 D = Time resting spent in this place.
 E = Time spent auto-exploring this place.
 F = Levels seen in this place.
 G = Mean time per level.
                   A        B        C        D        E       F      G
               +--------+--------+--------+--------+--------+-----+--------+
         Total |   2980 |   2819 |    161 |    202 |   2005 |   5 |  596.0 |
       Dungeon |   2980 |   2819 |    161 |    202 |   2005 |   5 |  596.0 |
               +--------+--------+--------+--------+--------+-----+--------+

Top non-repeatable levels by time:
     D:3: 867 daAuts
     D:2: 808 daAuts
     D:1: 633 daAuts
     D:4: 630 daAuts
     D:5: 40 daAuts
